 Dungeon Crawl Stone Soup version 0.20.1-1-g8b1a95d (webtiles) character file.

100 Jazqa the Skirmisher (level 4, -1/42 HPs)
             Began as a Minotaur Fighter on Oct 29, 2017.
             Slain by a gnoll
             ... wielding a +0 halberd
              (14 damage)
             ... on level 2 of the Dungeon.
             The game lasted 00:02:12 (1594 turns).

Jazqa the Skirmisher (Minotaur Fighter)             Turns: 1594, Time: 00:02:13

Health: -1/42      AC:  6    Str: 25    XL:     4   Next: 47%
Magic:  3/3        EV:  7    Int:  5    God:
Gold:   95         SH: 10    Dex: 11    Spells: 3/3 levels left

rFire    . . .     SeeInvis .   a - +0 war axe
rCold    . . .     Gourm    .   c - +0 shield
rNeg     . . .     Faith    .   b - +0 scale mail
rPois    .         Spirit   .   (helmet restricted)
rElec    .         Reflect  .   (no cloak)
rCorr    .         Harm     .   (no gloves)
MR       .....                  (no boots)
Stlth    ..........             (no amulet)
Regen    0.2/turn               (no ring)
MPRegen  0.1/turn               (no ring)

@: mighty
A: retaliatory headbutt, horns 2
a: no special abilities


You were on level 2 of the Dungeon.
You were not hungry.

You visited 1 branch of the dungeon, and saw 2 of its levels.

You collected 95 gold pieces.


Innate Abilities, Weirdness & Mutations

You reflexively headbutt those who attack you in melee.
You have a pair of horns on your head.


   Skills:
 + Level 5.0 Fighting
 + Level 4.6 Axes
 - Level 3.6 Armour
 - Level 3.6 Shields


You had 3 spell levels left.
You didn't know any spells.

Inventory:

Hand Weapons
 a - a +0 war axe (weapon)
Armour
 b - a +0 scale mail (worn)
 c - a +0 shield (worn)
Wands
 n - a wand of confusion (23/48)
Scrolls
 g - 2 scrolls of fear {unknown}
 i - 2 scrolls of identify {unknown}
 j - 3 scrolls of amnesia {unknown}
 k - a scroll of enchant weapon {unknown}
 m - a scroll of teleportation {unknown}
 o - a scroll of immolation {unknown}
Potions
 e - a potion of resistance {unknown}
 l - a potion of brilliance {unknown}
 q - a potion of haste {unknown}
 r - a potion of heal wounds {unknown}
Comestibles
 f - a bread ration {@e1}
 p - a meat ration {@e1}

Dungeon Overview and Level Annotations

Branches:
Dungeon (2/15)

Altars:

........# #........#.# #........
#####'### #......#.#.# #........
#.# #......#.#.# #....)...
#####.#####..###.#.#.####........
........................>........
.####.#####.####g####.##.........
#.# #.# #g# #.##......... #.# #.#
#g####.##.####.... #.# #.#
#@)...............
#.#####+##########.#.####....
#####.#........ #.#.# #....
#.............. #...# #....
#.............. ##..# #....
#......####.### #..# #....
#.....)# #.###### #..# #....
#......# ##.#....# ##.## #....
#......###.......# #..# #####


You could see 3 gnolls.


Message History

You kill the gnoll!
Your Fighting skill increases to level 5!
The gnoll hits you from afar with a spear of piercing.
The gnoll hits you from afar with a halberd!
The gnoll hits you with a spear of piercing.
Things that are here:
a halberd; a gnoll corpse The gnoll hits you but does no damage.
You slash the gnoll!
The gnoll is almost dead.
You block the gnoll's attack.
The gnoll hits you with a spear of piercing.
* * * LOW HITPOINT WARNING * * *
x2 You barely miss the gnoll.
The gnoll is almost dead.
You block the gnoll's attack.
The gnoll hits you with a spear of piercing.
* * * LOW HITPOINT WARNING * * *
x2 The gnoll barely misses you.
You barely miss the gnoll.
The gnoll is almost dead.
The gnoll hits you with a spear of piercing.
* * * LOW HITPOINT WARNING * * *
x2 The gnoll hits you from afar with a halberd.
* * * LOW HITPOINT WARNING * * *
The gnoll hits you but does no damage.
You closely miss the gnoll.
The gnoll is almost dead.
The gnoll hits you from afar with a halberd!
You die...

Skill      XL: |  1  2  3  4 |
---------------+-------------+-----
Fighting       | 4 5 |  5.0
Axes           | 3 4 |  4.6
Armour         | |  3.6
Shields        | |  3.6

Action                   |  1- 3 |  4- 6 || total
-------------------------+-------+-------++-------
Melee: War axe           |    97 |    29 ||   126
       Headbutt          |     8 |     6 ||    14
  Use: Potion            |       |     1 ||     1
  Eat: Chunk             |     1 |     1 ||     2
Armor: Scale mail        |    66 |    11 ||    77
Dodge: Dodged            |    35 |     7 ||    42
Block: Shield            |    66 |    10 ||    76

Vault maps used:
D:1:      lightli_arrival_maybe_door_vault, serial_glass, glass_columns_b,
          glass_columns_b, glass_columns_c, glass_columns_b, glass_columns_a,
          glass_columns_b, glass_columns_a, glass_columns_b, glass_columns_b,
          glass_columns_b, glass_columns_c, glass_columns_a, glass_columns_b,
          glass_columns_a
D:2:      chequers_ecumenical_altar_twisty, first_bread,
          kennysheep_generic_room_12

Notes
Turn   | Place    | Note
-------+----------+-------------------------------------------
     0 | D:1      | Jazqa the Minotaur Fighter began the quest for the Orb.
     0 | D:1      | Reached XP level 1. HP: 19/19 MP: 0/0
    49 | D:1      | Reached skill level 4 in Fighting
    49 | D:1      | Reached XP level 2. HP: 23/27 MP: 1/1
    53 | D:1      | Reached skill level 3 in Axes
   182 | D:1      | Reached XP level 3. HP: 33/33 MP: 2/2
   452 | D:2      | Reached skill level 4 in Axes
  1031 | D:2      | Reached XP level 4. HP: 32/41 MP: 3/3
  1588 | D:2      | Reached skill level 5 in Fighting
  1594 | D:2      | Slain by a gnoll

Vanquished Creatures
  A gnoll (D:2)
  3 adders (D:2)
  An ooze (D:1)
  2 worms (D:2)
  5 dart slugs (D:1)
  A leopard gecko (D:1)
  A ball python (D:1)
  7 bats
  2 giant cockroaches (D:2)
  5 goblins
  5 hobgoblins
  3 frilled lizards (D:1)
  5 kobolds
  4 rats
45 creatures vanquished.
